 Dungeon Crawl Stone Soup version 0.22.1-1-ga44c0e56f4 (webtiles) character file.

129 Jynx the Changer (level 4, 0/35 HPs)
             Began as a Draconian Transmuter on Oct 22, 2018.
             Slain by an orc wizard
             ... wielding a +0 dagger
              (1 damage)
             ... on level 3 of the Dungeon.
             The game lasted 00:03:46 (2719 turns).

Jynx the Changer (Draconian Transmuter)             Turns: 2719, Time: 00:03:48

Health: 0/35       AC:  2    Str: 12    XL:     4   Next: 88%
Magic:  6/8        EV: 19    Int: 14    God:
Gold:   133        SH:  0    Dex: 17    Spells: 3/9 levels left

rFire    . . .     SeeInvis .     - Unarmed
rCold    . . .     Gourm    .   (shield currently unavailable)
rNeg     . . .     Faith    .   (armour unavailable)
rPois    x         Spirit   .   (helmet currently unavailable)
rElec    .         Reflect  .   (cloak currently unavailable)
rCorr    .         Harm     .   (gloves currently unavailable)
MR       .....                  (boots currently unavailable)
Stlth    ++........             (no amulet)
HPRegen  0.11/turn              (no ring)
MPRegen  0.11/turn              (no ring)

@: spider-form (expiring)
A: tiny, unfitting armour, AC +5
a: End Transformation


You were on level 3 of the Dungeon.
You were not hungry.
You were a venomous arachnid creature.
You visited 1 branch of the dungeon, and saw 3 of its levels.

You collected 133 gold pieces.

Inventory:

Missiles
 a - 100 arrows
Armour
 j - a +1 hat (melded)
Scrolls
 b - a scroll of enchant weapon
 d - a scroll of identify {unknown}
 e - a scroll of teleportation {unknown}
 f - a scroll of remove curse {unknown}
 l - a scroll of blinking {unknown}
Potions
 g - 2 potions of cancellation {unknown}
 h - a potion of might {unknown}
 i - 2 potions of resistance {unknown}
 k - a potion of brilliance {unknown}
 n - a potion of experience {unknown}
Comestibles
 c - 5 rations
 m - a chunk of flesh


   Skills:
 - Level 1.1 Fighting
 - Level 1.7 Dodging
 - Level 3.0 Unarmed Combat
 + Level 3.1 Spellcasting
 * Level 4.3 Transmutations


You had 3 spell levels left.
You knew the following spells:

 Your Spells              Type           Power        Failure   Level  Hunger
a - Beastly Appendage     Tmut           ##....       12%         1    #......
b - Sticks to Snakes      Tmut           ##......     16%         2    ##.....
c - Spider Form           Tmut/Pois      #.........   47%         3    ###....

Your spell library contained the following spells:

 Spells                   Type           Power        Failure   Level  Hunger
 Ice Form                 Ice/Tmut       #.......     83%         4    #####..
 Blade Hands              Tmut           ##........   86%         5    ######.


Dungeon Overview and Level Annotations

Branches:
Dungeon (3/15)

Altars:
Ru


Innate Abilities, Weirdness & Mutations

((Your plain brown scales are hard. (AC +5)))
You cannot fit into any form of body armour.
((You are cold-blooded and may be slowed by cold attacks.))


Message History

You barely miss something.
Your transformation is almost over.
Something hits you.
The orc throws a tomahawk.
The tomahawk closely misses you. Something hits you.
You hit something. Something completely misses you.
You barely miss something. Something closely misses you.
The orc throws a tomahawk.
The tomahawk misses you. Something hits you.
The orc throws a tomahawk.
The tomahawk closely misses you.
You completely miss something. Something hits you.
* * * LOW HITPOINT WARNING * * *
You barely miss something. Something hits you.
* * * LOW HITPOINT WARNING * * *
You hit something. Something closely misses you. The orc closely misses you.
You hit something.
You hear some strange, mumbled words.
A puff of frost appears from out of thin air!
The puff of frost hits you!
* * * LOW HITPOINT WARNING * * *
Something hits you.
You die...

..._...............+........#
.#...#.#.#.........####...#.#
##. #.#.##.......## ##.##.#
..#.###.....## ####.# ####.#
##.w.## #.# ..# ##'## #.# ##
### #o# #.# #.# #o#
##########.# #.#
##s###..........# ##.#
##.({##.########## ..#
####.....#.# #.# #......(...#
#.###.###.####(#####
#.........# #.# #####.#####
#.# #.# #.# #.#####.# #.#


You could see a worm and 2 orcs.

Vanquished Creatures
  3 gnolls (D:2)
  3 adders
  An ooze (D:2)
  2 dart slugs
  2 worms (D:2)
  4 leopard geckos
  2 giant cockroaches
  6 goblins
  6 hobgoblins
  6 jackals
  2 ball pythons
  5 bats
  4 frilled lizards
  7 kobolds
  5 rats
58 creatures vanquished.

Notes
Turn   | Place    | Note
-------+----------+-------------------------------------------
     0 | D:1      | Jynx the Draconian Transmuter began the quest for the Orb.
     0 | D:1      | Reached XP level 1. HP: 16/16 MP: 3/3
   309 | D:1      | Reached XP level 2. HP: 23/23 MP: 5/5
   528 | D:1      | Reached skill level 3 in Transmutations
   897 | D:2      | Reached XP level 3. HP: 26/28 MP: 4/6
  1396 | D:2      | Reached XP level 4. HP: 23/35 MP: 6/8
  1673 | D:2      | Reached skill level 4 in Transmutations
  1680 | D:2      | Learned a level 2 spell: Sticks to Snakes
  1684 | D:2      | Learned a level 3 spell: Spider Form
  2678 | D:3      | Found a sacrificial altar of Ru.
  2719 | D:3      | HP: 1/35 [something/puff of frost (5)]
  2719 | D:3      | Slain by an orc wizard

Skill      XL: |  1  2  3  4 |
---------------+-------------+-----
Transmutations | 3 4 |  4.3
Spellcasting   | 3 |  3.1
Fighting       | |  1.1
Dodging        | |  1.7
Unarmed Combat | |  3.0

Action                   |  1- 3 |  4- 6 || total
-------------------------+-------+-------++-------
Melee: Unarmed           |   117 |   106 ||   223
       Tailslap          |    15 |     2 ||    17
       Punch             |     2 |       ||     2
       Kick              |     2 |     5 ||     7
       Headbutt          |     6 |     5 ||    11
 Cast: Beastly Appendage |    14 |    13 ||    27
       Spider Form       |       |     1 ||     1
  Use: Scroll            |       |     1 ||     1
  Eat: Chunk             |     1 |     5 ||     6
Armor: Skin              |    38 |    33 ||    71
Dodge: Dodged            |    89 |    75 ||   164
